 Dungeon Crawl Stone Soup version 0.28.0-53-g5a82cb258f (webtiles) character file.

Game seed: 7480126809121934621

117 ZappyNine the Ruffian (level 4, -1/37 HPs)
             Began as a Draconian Transmuter on May 23, 2022.
             Succumbed to a goblin's poison
             ... on level 4 of the Dungeon.
             The game lasted 00:04:05 (3823 turns).

ZappyNine the Ruffian (Draconian Transmuter)        Turns: 3823, Time: 00:04:05

Health: -1/37      AC:  5    Str: 14    XL:     4   Next: 71%
Magic:  5/7        EV: 12    Int: 14    God:
Gold:   190        SH:  0    Dex: 11    Spells: 1/7 levels left

rFire   + . .      SeeInvis .     - Unarmed
rCold   + . .      Faith    .   (no shield)
rNeg    . . .      Spirit   .   (armour unavailable)
rPois   +          Reflect  .   (helmet currently unavailable)
rElec   +          Harm     .   (no cloak)
rCorr   +          Rampage  .   (no gloves)
Will    +....                   (boots currently unavailable)
Stlth   +.........              (no amulet)
HPRegen 0.12/turn               f - ring of willpower
MPRegen 0.10/turn               (no ring)

@: lethally poisoned (-1 -> -11), appendages (expiring), resistant, wereblooded
(expiring), attractive
A: horns 2, talons 2, AC +5, unfitting armour, cold-blooded
a: End Transformation


You were on level 4 of the Dungeon.
You had temporarily grown beastly horns and talons.
You visited 1 branch of the dungeon, and saw 4 of its levels.

You collected 190 gold pieces.

Inventory:

Armour
 o - a scarf of harm
Jewellery
 f - a ring of willpower (left hand)
Scrolls
 a - 2 scrolls of vulnerability {unknown}
 b - a scroll of immolation {unknown}
 c - a scroll of noise {unknown}
 e - 2 scrolls of identify {unknown}
 i - a scroll of teleportation {unknown}
Potions
 j - a potion of flight {unknown}
 k - a potion of experience {unknown}
 l - 4 potions of degeneration {unknown}
 m - 3 potions of invisibility {unknown}
 n - 2 potions of lignification {unknown}


   Skills:
 + Level 2.7 Fighting
 + Level 2.0 Dodging
 * Level 3.9 Unarmed Combat
 - Level 2.4 Spellcasting
 - Level 2.5 Transmutations
 - Level 1.2 Poison Magic


You had one spell level left.
You knew the following spells:

 Your Spells              Type           Power      Damage    Failure   Level
a - Beastly Appendage     Tmut           16%        N/A       9%          1
b - Wereblood             Tmut           8%         N/A       12%         2
c - Spider Form           Tmut/Pois      6%         N/A       32%         3

Your spell library contained the following spells:

 Spells                   Type           Power      Damage    Failure   Level
 Ice Form                 Ice/Tmut       5%         N/A       80%         4


Dungeon Overview and Level Annotations

Branches:
Dungeon (4/15)
 Temple: D:4-7

Altars:
Fedhas
Qazlal
Uskayaw


Innate Abilities, Weirdness & Mutations

You have temporarily grown beastly horns and talons.
Your plain brown scales are hard. (AC +5)
You cannot fit into any form of body armour.
You are cold-blooded and may be slowed by cold attacks.


Message History

The orc priest is severely wounded.
Casting: Wereblood (safe; 12% risk of failure)
Confirm with . or Enter, or press ? or * to list all spells.
You grow a pair of large bovine horns.
Your feet morph into talons.
The orc priest invokes the aid of Beogh against you.
Pain shoots through your body!
The goblin hits you with a +0 dagger of venom.
You are poisoned.
You hit the orc priest.
The orc priest is almost dead.
You feel sick.
The orc priest hits you with a +0 short sword.
* * * LOW HITPOINT WARNING * * *
The goblin hits you with a +0 dagger of venom.
* * * LOW HITPOINT WARNING * * *
You are lethally poisoned!
Unknown command.
You hit the orc priest but do no damage.
You claw the orc priest, but do no damage.
You tail-slap the orc priest, but do no damage.
The orc priest is almost dead.
* * * LOW HITPOINT WARNING * * *
You feel very sick.
The orc priest hits you with a +0 short sword.
* * * LOW HITPOINT WARNING * * *
The goblin barely misses you.
Unknown command.
Unknown command.
It was a potion of attraction.
You feel attractive to monsters.
* * * LOW HITPOINT WARNING * * *
You feel very sick.
The orc priest hits you but does no damage.
The goblin barely misses you.
Unknown command.
Unknown command.
It was a potion of resistance.
You feel protected.
Your transformation is almost over.
Your primal bloodlust is almost over.
You die...

# ..... . .## #
.o...##. ..## . #
....... ...#... #
...$.##.......
######
#...#..<...n
.#...# ......#..#
... .....#
###...##..##......
.....#
#ogo.....##.......
(....#
#@#......(.......
.....#
######...##....#
.....# ##........#
.....#
####........#
.....#
##...>##.##..#
.....#
#..†..##.....##
###..#
#.##.##..##...#
#..#
#.#####..#....##
#..# #..##
##...#...#


You could see an orc priest, an orc and a goblin.

Vanquished Creatures
  3 adders
  A river rat (D:3)
  2 worms
  4 dart slugs
  2 orcs (D:4)
  5 bats
  14 endoplasms
  7 giant cockroaches
  4 goblins
  A hobgoblin (D:1)
  A quokka (D:4)
  3 ball pythons
  A frilled lizard (D:3)
  7 kobolds
  7 rats
62 creatures vanquished.

Notes
Turn   | Place    | Note
-------+----------+-------------------------------------------
     0 | D:1      | ZappyNine the Draconian Transmuter began the quest for the
                  | Orb.
     0 | D:1      | Reached XP level 1. HP: 16/16 MP: 3/3
   152 | D:1      | Reached XP level 2. HP: 11/24 MP: 3/5
  1320 | D:2      | Reached XP level 3. HP: 27/30 MP: 6/6
  1423 | D:2      | Learned a level 2 spell: Wereblood
  1427 | D:2      | Learned a level 3 spell: Spider Form
  1727 | D:2      | Found a blossoming altar of Fedhas.
  1856 | D:2      | Found a faded altar of an unknown god.
  2120 | D:3      | Noticed a +0 hand axe
  2123 | D:3      | Found a hide-covered altar of Uskayaw.
  2123 | D:3      | Noticed a +0 dagger
  2593 | D:3      | Reached skill level 1 in Poison Magic
  2593 | D:3      | Reached XP level 4. HP: 15/37 MP: 7/7
  2656 | D:3      | Found a glowing drain.
  3594 | D:4      | Found a stormy altar of Qazlal.
  3796 | D:4      | Noticed a necrophage
  3822 | D:4      | HP: 1/37 [poisoned by a goblin]
  3823 | D:4      | Succumbed to a goblin's poison

Illustrated notes

Levels and vault maps discovered:
D:1:      zelgadis_glass_arrival_small, layout_loops_cross, nrook_uturn,
          minivault_14, grunt_decor_junction, minmay_misc_feat_hallway
D:2:      layout_rooms, basic_altar, basic_ecumenical_altar
D:3:      minmay_spotlight, layout_basic, dancing_weapons_uskayaw,
          portal_sewer_entry_b, hangedman_decor_points
D:4:      layout_cave_pools, nicolae_qazlal_eye_of_the_storm,
          minmay_ruined_shrine, uniq_crazy_yiuf_cottage

Skill      XL: |  1  2  3  4 |
---------------+-------------+-----
Fighting       | 2 |  2.7
Poison Magic   | 1 |  1.2
Dodging        | 2 |  2.0
Unarmed Combat | |  3.9
Spellcasting   | |  2.4
Transmutations | |  2.5

Action                   |  1- 3 |  4- 6 || total
-------------------------+-------+-------++-------
Melee: Unarmed           |   137 |    77 ||   214
       Tailslap          |    15 |     2 ||    17
       Kick              |    10 |    11 ||    21
       Headbutt          |     6 |     7 ||    13
       Punch             |     1 |     5 ||     6
 Cast: Beastly Appendage |    10 |     4 ||    14
       Spider Form       |     3 |       ||     3
       Wereblood         |       |     1 ||     1
  Use: Potion            |       |     3 ||     3
 Stab: Sleeping          |     1 |       ||     1
Armor: Skin              |    51 |     9 ||    60
Dodge: Dodged            |    79 |    39 ||   118
